 Dungeon Sprint DCSS version 0.30.0-17-ge0270778cf (webtiles) character file.

Game seed: 123061190782973672

145 boopmooplesden the Cleaver (level 5, -1/56 HPs)
             Began as a Minotaur Berserker on May 21, 2023.
             Was a Priest of Trog.
             Slain by an orc
             ... wielding a +0 mace
              (3 damage)
             ... in the Dungeon (Sprint IX: "|||||||||||||||||||||||||||||").
             The game lasted 00:00:21 (65 turns).

boopmooplesden the Cleaver (Minotaur Berserker)       Turns: 65, Time: 00:00:22

Health: -1/56      AC:  2    Str: 24    XL:     5   Next: 6%
Magic:  4/4        EV: 12    Int:  4    God:    Trog [***...]
Gold:   0          SH:  0    Dex:  9    Spells: 4/4 levels left

rFire   . . .        a - +0 hand axe
rCold   . . .        (no shield)
rNeg    . . .        b - +0 animal skin
rPois   .            (helmet restricted)
rElec   .            (no cloak)
rCorr   .            (no gloves)
SInv    .            (no boots)
Will    .....        (no amulet)
Stlth   +            (no ring)
HPRegen 0.29/turn    (no ring)
MPRegen 0.09/turn

%: no teleportation
@: lethally poisoned (-1 -> -7), on berserk cooldown, slowed, very slow
A: horns 2, retaliatory headbutt
a: Renounce Religion, Berserk, Trog's Hand


You were in the Dungeon.
You worshipped Trog.
Trog was most pleased with you.
You visited 1 branch

Inventory:

Hand Weapons
 a - a +0 hand axe (weapon)
Armour
 b - a +0 animal skin (worn)
Scrolls
 h - a scroll of blinking
Potions
 c - a potion of curing
 d - a potion of heal wounds
 e - a potion of haste
 f - 2 potions of magic
 g - a potion of berserk rage


   Skills:
 + Level 8.5 Fighting
 + Level 8.7 Axes
 + Level 4.0 Armour
 + Level 4.2 Dodging


You had 4 spell levels left.
You didn't know any spells.
Your spell library was empty.

Dungeon Overview and Level Annotations

Branches:
Dungeon (1/1)

Altars:


Innate Abilities, Weirdness & Mutations

You have a pair of horns on your head.
You reflexively headbutt those who attack you in melee.


Message History

Reactivating autopickup.
You feel a bit more experienced.
* * * LOW HITPOINT WARNING * * *
You feel very sick.
Your Fighting skill increases to level 7!
Your Axes skill increases to level 7!
You have reached level 4!
You feel stronger.
You barely miss the scorpion.
* * * LOW HITPOINT WARNING * * *
You feel very sick. The scorpion barely misses you.
You slash the scorpion! You headbutt the scorpion.
The scorpion is almost dead.
You feel sick.
You hit the scorpion but do no damage. You headbutt the scorpion.
The scorpion is almost dead.
You feel sick. The scorpion closely misses you.
You closely miss the scorpion.
The scorpion is almost dead.
You feel sick.
The scorpion stings you but does no damage.
You slash the scorpion!
You kill the scorpion!
Trog accepts your kill.
You feel sick.
Your Fighting skill increases to level 8!
Your Axes skill increases to level 8!
Your Armour skill increases to level 4!
Your Dodging skill increases to level 4!
You have reached level 5!
You feel sick. The orc hits you with a +0 mace!
* * * LOW HITPOINT WARNING * * *
Items here: )) [[ ††.
You barely miss the orc.
You are no longer berserk.
You are exhausted.
You feel yourself slow down.
* * * LOW HITPOINT WARNING * * *
You feel sick. The orc hits you with a +0 mace.
You die...

▓+▓
▓.▓
▓.▓
▓.▓
▓.▓
▓.▓
▓o▓
▓@▓
▓.▓
▓.▓
▓.▓
▓.▓
▓†▓
▓.▓
▓.▓
▓.▓


You could see an orc.

Vanquished Creatures
  A scorpion (D)
  A jelly (D)
  2 orc wizards (D)
  An endoplasm (D)
  A quokka (D)
  A frilled lizard (D)
  2 rats (D)
9 creatures vanquished.

Notes
Turn   | Place    | Note
-------+----------+-------------------------------------------
     0 | D        | boopmooplesden the Minotaur Berserker began the quest for
                  | the Orb.
     0 | D        | Reached XP level 1. HP: 19/19 MP: 0/0
    12 | D        | Reached ** piety under Trog
    36 | D        | Noticed a scorpion
    36 | D        | Noticed an orc wizard
    36 | D        | Noticed a jelly
    36 | D        | Noticed an orc wizard
    51 | D        | Killed an orc wizard
    51 | D        | Reached *** piety under Trog
    52 | D        | Reached skill level 5 in Fighting
    52 | D        | Reached skill level 5 in Axes
    52 | D        | Reached XP level 2. HP: 23/30 MP: 1/1
    52 | D        | Reached XP level 3. HP: 29/37 MP: 2/2
    59 | D        | Reached XP level 4. HP: 19/47 MP: 3/3
    63 | D        | Killed a scorpion
    64 | D        | Reached XP level 5. HP: 12/56 MP: 4/4
    64 | D        | HP: 4/84 [orc/+0 mace (7)]
    65 | D        | Slain by an orc

Illustrated notes

Levels and vault maps discovered:
D:        linesprint [early_d, line_temple, items_1, d_10, items_2, lair_1,
          lair_end, items_3, orc_1, orc_end, items_4, d_15, swamp_1, shoals_1,
          snake_1, spider_1, d_20, vaults_1, items_5, swamp_end, shoals_end,
          snake_end, spider_end, vaults_end, d_27, items_6, zot_1, zot_end,
          crypt_end, forest_end, elf_end, slime_end, tomb_end, abyss_end,
          pan_hell_end]

Skill      XL: |  1  2  3  4 |
---------------+-------------+-----
Fighting       | 5 7 8 |  8.5
Axes           | 5 7 8 |  8.7
Armour         | 3 4 |  4.0
Dodging        | 3 4 |  4.2

Action                     |  1- 3 |  4- 6 || total
---------------------------+-------+-------++-------
  Melee: Hand axe          |    27 |     6 ||    33
         Headbutt          |     2 |     2 ||     4
 Invoke: Berserk           |     1 |       ||     1
 Armour: Animal skin       |     3 |     1 ||     4
  Dodge: Dodged            |     6 |     2 ||     8
